General information
- name: BNet
- type: Ladder team game (AT/RT)
- host: Battle.net
- saver: YourMaster.
map: TwilightRuins
- players: 8
- length: 29:01
- speed: Fast
- version: 1.26 W3XP
- replay type: Public
» download(223 KB)
Players
team 1 (winner)

»
ADDERALL_COFFEE (
teal | 70 APM | 1721 actions | 24:36)
5 Archmage
3 Summon Water Elemental
2 Brilliance Aura
3 Mountain King
2 Storm Bolt
1 Bash
» actions
| Assign group hotkey | 21 | |
| Basic commands | 46 | |
| Build / train | 115 | |
| ESC pressed | 2 | |
| Enter build submenu | 39 | |
| Enter hero's abilities submenu | 8 | |
| Give item / drop item | 1 | |
| Remove unit from queue | 2 | |
| Right click | 684 | |
| Select / deselect | 449 | |
| Select group hotkey | 187 | |
| Use ability | 167 | |
1721 total
» units
| Peasant | 22 | |
| Footman | 7 | |
| Gryphon Rider | 7 | |
| Flying Machine | 1 | |
| Siege Engine | 4 | |
| Dragonhawk Rider | 4 | |
45 total
» upgrades
| Masonry | 2 | |
| Gunpowder | 1 | |
| Lumber Harvesting | 1 | |
| Swords | 2 | |
| Armor | 3 | |
| Storm Hammers | 1 | |
| Barrage | 1 | |
| Plating | 1 | |
| Flak Cannons | 1 | |
13 total
» buildings
| Farm | 14 | |
| Altar of Kings | 1 | |
| Barracks | 1 | |
| Town Hall | 1 | |
| Scout Tower | 14 | |
| Arcane Tower | 7 | |
| Lumber Mill | 1 | |
| Arcane Vault | 1 | |
| Guard Tower | 6 | |
| Keep | 2 | |
| Blacksmith | 1 | |
| Castle | 1 | |
| Gryphon Aviary | 3 | |
| Workshop | 1 | |
54 total
» build order
00:08 Farm
00:10 Altar of Kings
00:17 Barracks
00:48 Farm
02:01 Farm
03:28 Town Hall
03:34 Scout Tower
04:23 Arcane Tower
04:24 Arcane Tower
04:24 Arcane Tower
04:25 Scout Tower
04:37 Scout Tower
04:39 Lumber Mill
04:52 Arcane Tower
04:54 Farm
05:01 Arcane Vault
05:23 Arcane Tower
05:24 Arcane Tower
05:39 Scout Tower
05:53 Scout Tower
06:21 Guard Tower
06:22 Scout Tower
06:26 Keep
06:26 Keep
06:51 Farm
06:53 Guard Tower
06:54 Farm
06:55 Farm
07:02 Blacksmith
07:38 Farm
07:43 Farm
08:26 Farm
08:30 Farm
08:34 Scout Tower
08:36 Scout Tower
08:37 Scout Tower
08:38 Scout Tower
08:51 Castle
09:42 Scout Tower
09:43 Guard Tower
09:50 Farm
09:54 Scout Tower
10:00 Gryphon Aviary
10:05 Scout Tower
10:07 Gryphon Aviary
10:18 Guard Tower
10:24 Gryphon Aviary
11:11 Scout Tower
11:13 Farm
11:22 Guard Tower
11:24 Farm
12:05 Guard Tower
15:21 Workshop
» items
| Scroll of Regeneration | 5 | |
| Lesser Clarity Potion | 3 | |
| Scroll of Town Portal | 5 | |
| Potion of Healing | 5 | |
| Orb of Fire | 1 | |
19 total
butteater680 (
pink | 41 APM | 1202 actions | 29:01)
5 Blademaster
3 Wind Walk
2 Critical Strike
» actions
| Assign group hotkey | 15 | |
| Build / train | 80 | |
| Enter build submenu | 40 | |
| Enter hero's abilities submenu | 5 | |
| Give item / drop item | 7 | |
| Remove unit from queue | 9 | |
| Right click | 508 | |
| Select / deselect | 287 | |
| Select group hotkey | 115 | |
| Use ability | 136 | |
1202 total
» units
| Peon | 12 | |
| Troll Batrider | 13 | |
| Raider | 8 | |
33 total
» upgrades
| Ranged Weapons | 3 | |
| Armor | 2 | |
| Spiked Barricades | 3 | |
| Reinforced Defenses | 1 | |
| Liquid Fire | 1 | |
| Ensnare | 1 | |
| Backpack | 0 | |
| Pillage | 1 | |
| Melee Weapons | 1 | |
13 total
» buildings
| Altar of Storms | 2 | |
| Orc Burrow | 7 | |
| War Mill | 2 | |
| Voodoo Lounge | 1 | |
| Watch Tower | 19 | |
| Stronghold | 2 | |
| Fortress | 1 | |
| Beastiary | 2 | |
| Great Hall | 2 | |
| Barracks | 1 | |
39 total
» build order
00:20 Altar of Storms
00:27 Orc Burrow
01:08 War Mill
01:15 Voodoo Lounge
02:31 Watch Tower
02:35 Orc Burrow
02:51 Watch Tower
02:56 Watch Tower
03:44 Stronghold
05:11 Watch Tower
05:12 Watch Tower
06:32 Fortress
06:55 Orc Burrow
06:58 Watch Tower
07:03 Watch Tower
07:06 Watch Tower
07:09 Watch Tower
09:19 Beastiary
09:48 Beastiary
12:37 Orc Burrow
21:02 Great Hall
21:12 Watch Tower
21:12 Watch Tower
21:13 Watch Tower
21:14 Watch Tower
21:14 Watch Tower
22:27 Watch Tower
22:28 Watch Tower
22:30 Watch Tower
22:35 Watch Tower
22:36 Watch Tower
23:00 Barracks
25:05 Stronghold
25:26 Orc Burrow
25:32 Orc Burrow
25:40 Great Hall
25:49 Orc Burrow
26:00 War Mill
28:33 Altar of Storms
» items
| Healing Salve | 3 | |
| Lesser Clarity Potion | 5 | |
| Scroll of Speed | 1 | |
| Circlet of Nobility | 3 | |
| Boots of Speed | 1 | |
| Staff of Teleportation | 1 | |
| Orb of Lightning | 2 | |
16 total

»
Vitamin_A (
green | 39 APM | 955 actions | 24:41)
3 Archmage
2 Blizzard
1 Brilliance Aura
» actions
| Basic commands | 1 | |
| Build / train | 92 | |
| Enter build submenu | 57 | |
| Enter hero's abilities submenu | 4 | |
| Right click | 396 | |
| Select / deselect | 301 | |
| Use ability | 104 | |
955 total
» units
» upgrades
| Masonry | 3 | |
| Lumber Harvesting | 2 | |
| Magic Sentry | 1 | |
| Flying Machine Bombs | 1 | |
7 total
» buildings
| Farm | 4 | |
| Lumber Mill | 3 | |
| Altar of Kings | 1 | |
| Scout Tower | 59 | |
| Guard Tower | 43 | |
| Arcane Tower | 1 | |
| Keep | 1 | |
| Blacksmith | 1 | |
| Workshop | 1 | |
| Arcane Vault | 1 | |
| Arcane Sanctum | 1 | |
| Cannon Tower | 2 | |
| Castle | 1 | |
119 total
» build order
00:17 Farm
00:25 Lumber Mill
00:55 Altar of Kings
01:25 Farm
01:30 Scout Tower
02:00 Scout Tower
02:02 Guard Tower
02:07 Scout Tower
02:12 Scout Tower
02:28 Guard Tower
02:31 Scout Tower
02:40 Guard Tower
02:50 Arcane Tower
02:53 Farm
03:01 Guard Tower
03:05 Scout Tower
03:19 Scout Tower
03:40 Guard Tower
03:48 Scout Tower
03:50 Guard Tower
03:52 Scout Tower
04:16 Scout Tower
04:24 Guard Tower
04:33 Scout Tower
04:38 Scout Tower
04:45 Guard Tower
04:52 Scout Tower
05:01 Guard Tower
05:03 Scout Tower
05:11 Scout Tower
05:13 Guard Tower
05:37 Guard Tower
05:40 Keep
05:47 Scout Tower
05:51 Guard Tower
06:04 Scout Tower
06:09 Scout Tower
06:21 Guard Tower
06:23 Scout Tower
06:35 Guard Tower
06:43 Blacksmith
06:48 Guard Tower
06:52 Scout Tower
06:55 Guard Tower
06:58 Scout Tower
07:26 Scout Tower
07:27 Guard Tower
07:30 Guard Tower
07:45 Scout Tower
07:46 Scout Tower
07:47 Scout Tower
07:48 Scout Tower
08:04 Workshop
08:12 Guard Tower
08:27 Scout Tower
08:32 Scout Tower
08:34 Scout Tower
08:35 Scout Tower
08:48 Lumber Mill
08:55 Guard Tower
08:57 Guard Tower
09:26 Arcane Vault
09:52 Arcane Sanctum
09:56 Guard Tower
10:19 Guard Tower
10:32 Scout Tower
11:04 Cannon Tower
11:34 Scout Tower
11:35 Scout Tower
11:37 Scout Tower
11:38 Scout Tower
12:09 Farm
12:20 Guard Tower
12:46 Guard Tower
12:47 Guard Tower
12:51 Scout Tower
12:51 Scout Tower
12:52 Scout Tower
12:53 Scout Tower
13:02 Scout Tower
13:02 Scout Tower
13:26 Guard Tower
13:43 Guard Tower
13:47 Guard Tower
13:59 Guard Tower
14:56 Scout Tower
15:03 Scout Tower
15:10 Castle
15:16 Scout Tower
15:23 Guard Tower
15:27 Scout Tower
15:31 Guard Tower
15:34 Scout Tower
15:43 Guard Tower
15:43 Guard Tower
15:45 Scout Tower
15:54 Guard Tower
15:58 Scout Tower
16:02 Cannon Tower
16:06 Scout Tower
16:18 Guard Tower
16:24 Scout Tower
16:26 Guard Tower
16:37 Guard Tower
16:53 Guard Tower
18:20 Lumber Mill
19:12 Scout Tower
19:12 Scout Tower
19:13 Scout Tower
19:14 Scout Tower
19:14 Scout Tower
19:15 Scout Tower
19:16 Scout Tower
19:17 Scout Tower
19:18 Scout Tower
19:43 Guard Tower
21:03 Guard Tower
21:39 Guard Tower
» items
| Ivory Tower | 8 | |
| Scroll of Regeneration | 1 | |
9 total
AFKeR_TKeR_BSeR (
orange | 52 APM | 1200 actions | 23:09)
4 Death Knight
2 Death Coil
2 Unholy Aura
3 Lich
2 Frost Nova
1 Frost Armor
» actions
| Assign group hotkey | 18 | |
| Basic commands | 17 | |
| Build / train | 66 | |
| Enter build submenu | 27 | |
| Enter hero's abilities submenu | 7 | |
| Give item / drop item | 2 | |
| Right click | 498 | |
| Select / deselect | 357 | |
| Select group hotkey | 113 | |
| Use ability | 95 | |
1200 total
» units
| Acolyte | 18 | |
| Ghoul | 12 | |
| Goblin Shredder | 1 | |
| Frost Wyrm | 7 | |
38 total
» upgrades
| Creature Attack | 3 | |
| Creature Carapace | 3 | |
| Freezing Breath | 1 | |
7 total
» buildings
| Graveyard | 1 | |
| Crypt | 1 | |
| Ziggurat | 19 | |
| Altar of Darkness | 1 | |
| Tomb of Relics | 1 | |
| Nerubian Tower | 1 | |
| Halls of the Dead | 1 | |
| Necropolis | 2 | |
| Black Citadel | 1 | |
| Sacrificial Pit | 1 | |
| Spirit Tower | 1 | |
| Boneyard | 5 | |
35 total
» build order
00:21 Graveyard
00:25 Crypt
00:36 Ziggurat
00:55 Altar of Darkness
01:42 Ziggurat
01:54 Tomb of Relics
03:18 Nerubian Tower
03:36 Ziggurat
04:35 Halls of the Dead
06:42 Necropolis
07:31 Black Citadel
07:37 Ziggurat
07:38 Ziggurat
07:39 Ziggurat
07:40 Ziggurat
08:32 Sacrificial Pit
08:38 Spirit Tower
09:55 Boneyard
09:57 Boneyard
09:59 Boneyard
10:01 Boneyard
10:27 Boneyard
12:19 Ziggurat
12:20 Ziggurat
12:22 Ziggurat
12:23 Ziggurat
16:08 Necropolis
16:09 Ziggurat
16:10 Ziggurat
16:57 Ziggurat
16:58 Ziggurat
16:59 Ziggurat
18:48 Ziggurat
18:48 Ziggurat
18:49 Ziggurat
» items
| Lesser Clarity Potion | 1 | |
| Healing Salve | 1 | |
| Pendant of Energy | 1 | |
| Scroll of Town Portal | 2 | |
| Potion of Lesser Invulnerability | 1 | |
| Potion of Healing | 2 | |
8 total
team 2 (loser)
roy_munson (
red | 77 APM | 2000 actions | 25:51)
4 Archmage
2 Summon Water Elemental
2 Brilliance Aura
3 Paladin
2 Holy Light
1 Divine Shield
3 Mountain King
2 Storm Bolt
1 Bash
» actions
| Assign group hotkey | 29 | |
| Basic commands | 96 | |
| Build / train | 110 | |
| ESC pressed | 2 | |
| Enter build submenu | 40 | |
| Enter hero's abilities submenu | 10 | |
| Give item / drop item | 1 | |
| Right click | 667 | |
| Select / deselect | 637 | |
| Select group hotkey | 250 | |
| Use ability | 158 | |
2000 total
» units
| Peasant | 14 | |
| Goblin Shredder | 2 | |
| Flying Machine | 14 | |
| Sorceress | 3 | |
| Priest | 4 | |
| Mortar Team | 2 | |
| Siege Engine | 3 | |
42 total
» upgrades
| Masonry | 3 | |
| Magic Sentry | 1 | |
| Sorceress Training | 2 | |
| Priest Training | 2 | |
| Flare | 1 | |
| Plating | 3 | |
| Gunpowder | 3 | |
| Flak Cannons | 1 | |
| Fragmentation Shards | 1 | |
| Barrage | 1 | |
18 total
» buildings
| Altar of Kings | 1 | |
| Farm | 12 | |
| Lumber Mill | 2 | |
| Scout Tower | 25 | |
| Arcane Tower | 8 | |
| Guard Tower | 13 | |
| Keep | 1 | |
| Arcane Vault | 1 | |
| Blacksmith | 1 | |
| Town Hall | 3 | |
| Castle | 3 | |
| Arcane Sanctum | 1 | |
| Workshop | 5 | |
76 total
» build order
00:14 Altar of Kings
00:17 Farm
00:20 Farm
00:25 Lumber Mill
01:11 Scout Tower
01:38 Arcane Tower
01:38 Arcane Tower
02:10 Scout Tower
02:41 Guard Tower
03:03 Keep
03:26 Arcane Vault
03:31 Blacksmith
03:38 Farm
04:03 Town Hall
04:06 Scout Tower
04:11 Scout Tower
04:17 Scout Tower
04:46 Arcane Tower
05:58 Castle
05:58 Castle
05:58 Castle
06:22 Arcane Sanctum
06:27 Workshop
06:31 Workshop
06:32 Workshop
06:36 Guard Tower
06:51 Farm
06:52 Farm
06:55 Farm
06:55 Farm
06:56 Farm
07:00 Farm
07:03 Farm
07:31 Scout Tower
07:33 Scout Tower
07:34 Scout Tower
07:35 Scout Tower
07:56 Workshop
09:28 Lumber Mill
10:10 Workshop
10:13 Scout Tower
10:14 Scout Tower
10:16 Scout Tower
10:18 Scout Tower
10:21 Scout Tower
11:09 Guard Tower
11:19 Scout Tower
11:22 Scout Tower
11:23 Scout Tower
11:27 Scout Tower
11:29 Scout Tower
12:01 Arcane Tower
12:03 Scout Tower
12:03 Scout Tower
12:12 Arcane Tower
12:37 Guard Tower
12:42 Arcane Tower
13:32 Guard Tower
13:47 Guard Tower
15:42 Scout Tower
15:43 Scout Tower
15:44 Scout Tower
15:45 Scout Tower
16:26 Guard Tower
16:55 Guard Tower
17:13 Guard Tower
17:58 Guard Tower
18:04 Farm
18:04 Farm
20:24 Town Hall
21:41 Town Hall
» items
| Potion of Healing | 1 | |
| Orb of Fire | 2 | |
| Scroll of Town Portal | 1 | |
4 total
YourMaster. (
blue | 93 APM | 2686 actions | 29:01)
7 Blademaster
3 Wind Walk
3 Critical Strike
1 Bladestorm
» actions
| Assign group hotkey | 112 | |
| Basic commands | 56 | |
| Build / train | 115 | |
| ESC pressed | 3 | |
| Enter build submenu | 26 | |
| Enter hero's abilities submenu | 7 | |
| Give item / drop item | 15 | |
| Right click | 1208 | |
| Select / deselect | 251 | |
| Select group hotkey | 715 | |
| Use ability | 178 | |
2686 total
» units
| Peon | 16 | |
| Grunt | 11 | |
| Goblin Shredder | 3 | |
| Wind Rider | 10 | |
40 total
» upgrades
| Armor | 3 | |
| Pillage | 2 | |
| Berserker Strength | 1 | |
| Ranged Weapons | 3 | |
| Reinforced Defenses | 1 | |
| Envenomed Spears | 1 | |
| Berserker Upgrade | 1 | |
| Spiked Barricades | 2 | |
14 total
» buildings
| Orc Burrow | 5 | |
| Altar of Storms | 1 | |
| Barracks | 1 | |
| War Mill | 1 | |
| Voodoo Lounge | 1 | |
| Stronghold | 3 | |
| Great Hall | 1 | |
| Watch Tower | 16 | |
| Fortress | 4 | |
| Beastiary | 2 | |
35 total
» build order
00:16 Orc Burrow
00:36 Altar of Storms
00:51 Barracks
01:37 Orc Burrow
01:56 War Mill
02:17 Orc Burrow
02:50 Voodoo Lounge
03:43 Stronghold
03:43 Stronghold
03:43 Stronghold
04:53 Great Hall
05:17 Watch Tower
05:25 Watch Tower
06:46 Watch Tower
07:39 Watch Tower
08:17 Fortress
08:17 Fortress
08:18 Fortress
10:12 Beastiary
10:15 Beastiary
10:31 Watch Tower
10:32 Watch Tower
11:40 Watch Tower
11:41 Watch Tower
13:59 Orc Burrow
14:01 Orc Burrow
20:42 Watch Tower
20:43 Watch Tower
20:44 Watch Tower
20:45 Watch Tower
20:46 Watch Tower
20:47 Watch Tower
20:48 Watch Tower
20:49 Watch Tower
» items
| Healing Salve | 6 | |
| Pendant of Energy | 1 | |
| Lesser Clarity Potion | 5 | |
| Boots of Speed | 1 | |
| Scroll of Town Portal | 3 | |
| Orb of Lightning | 1 | |
| Claws of Attack +9 | 2 | |
| Wand of Illusion | 1 | |
| Sentry Wards | 1 | |
| Gauntlets of Ogre Strength +3 | 1 | |
| Replenishment Potion | 1 | |
| Potion of Greater Healing | 1 | |
| Ring of Regeneration | 1 | |
| Potion of Greater Mana | 2 | |
| Tiny Great Hall | 1 | |
28 total
YUNA-SIDE-BOOB (
yellow | 72 APM | 2082 actions | 28:59)
5 Blademaster
3 Wind Walk
2 Critical Strike
4 Shadow Hunter
2 Hex
2 Healing Wave
» actions
| Assign group hotkey | 63 | |
| Basic commands | 82 | |
| Build / train | 64 | |
| Enter build submenu | 20 | |
| Enter hero's abilities submenu | 9 | |
| Give item / drop item | 1 | |
| Right click | 848 | |
| Select / deselect | 218 | |
| Select group hotkey | 629 | |
| Use ability | 148 | |
2082 total
» units
| Peon | 11 | |
| Goblin Shredder | 4 | |
| Wind Rider | 8 | |
| Troll Batrider | 4 | |
27 total
» upgrades
| Reinforced Defenses | 1 | |
| Envenomed Spears | 1 | |
| Ranged Weapons | 2 | |
| Armor | 2 | |
| Liquid Fire | 1 | |
7 total
» buildings
| Altar of Storms | 1 | |
| Orc Burrow | 7 | |
| Voodoo Lounge | 1 | |
| Stronghold | 1 | |
| War Mill | 1 | |
| Great Hall | 1 | |
| Fortress | 2 | |
| Watch Tower | 23 | |
| Beastiary | 3 | |
40 total
» build order
00:08 Altar of Storms
00:20 Orc Burrow
00:53 Voodoo Lounge
02:12 Stronghold
02:47 Orc Burrow
02:50 War Mill
03:20 Orc Burrow
04:18 Orc Burrow
04:32 Great Hall
05:20 Fortress
06:18 Watch Tower
06:18 Watch Tower
06:20 Watch Tower
06:20 Watch Tower
07:03 Beastiary
07:04 Beastiary
07:51 Watch Tower
07:52 Watch Tower
07:52 Watch Tower
07:54 Watch Tower
09:28 Beastiary
11:47 Orc Burrow
11:47 Orc Burrow
14:02 Watch Tower
14:02 Watch Tower
14:02 Watch Tower
14:03 Watch Tower
14:03 Watch Tower
14:04 Watch Tower
14:06 Watch Tower
14:06 Watch Tower
14:06 Watch Tower
15:40 Watch Tower
15:40 Watch Tower
15:42 Watch Tower
15:43 Watch Tower
17:34 Orc Burrow
21:37 Watch Tower
21:37 Watch Tower
» items
| Healing Salve | 4 | |
| Staff of Teleportation | 1 | |
| Boots of Speed | 1 | |
| Lesser Clarity Potion | 1 | |
| Orb of Lightning | 1 | |
| Scroll of Town Portal | 5 | |
| Potion of Healing | 1 | |
| Potion of Mana | 1 | |
15 total
DiabloMicroC0ck (
purple | 78 APM | 2224 actions | 28:29)
6 Blademaster
3 Wind Walk
2 Critical Strike
1 Bladestorm
4 Shadow Hunter
2 Hex
2 Healing Wave
» actions
| Assign group hotkey | 61 | |
| Basic commands | 22 | |
| Build / train | 102 | |
| Enter build submenu | 24 | |
| Enter hero's abilities submenu | 11 | |
| Give item / drop item | 1 | |
| Remove unit from queue | 1 | |
| Right click | 1218 | |
| Select / deselect | 302 | |
| Select group hotkey | 338 | |
| Use ability | 144 | |
2224 total
» units
| Peon | 16 | |
| Grunt | 11 | |
| Raider | 16 | |
| Spirit Walker | 4 | |
| Kodo Beast | 1 | |
| Shaman | 8 | |
| Demolisher | 3 | |
59 total
» upgrades
| Berserker Strength | 1 | |
| Ensnare | 1 | |
| Armor | 2 | |
| Shaman Training | 2 | |
| Spiked Barricades | 2 | |
| Reinforced Defenses | 1 | |
| War Drums Damage Increase | 1 | |
| Spirit Walker Training | 2 | |
| Burning Oil | 1 | |
| Melee Weapons | 1 | |
14 total
» buildings
| Altar of Storms | 1 | |
| Orc Burrow | 7 | |
| Barracks | 1 | |
| Stronghold | 3 | |
| War Mill | 1 | |
| Watch Tower | 5 | |
| Beastiary | 1 | |
| Spirit Lodge | 1 | |
| Fortress | 3 | |
| Great Hall | 1 | |
24 total
» build order
00:16 Altar of Storms
00:19 Orc Burrow
01:34 Orc Burrow
01:57 Barracks
02:34 Stronghold
02:34 Stronghold
02:51 Orc Burrow
02:56 War Mill
04:28 Watch Tower
06:30 Beastiary
06:38 Orc Burrow
06:47 Spirit Lodge
07:05 Fortress
07:06 Fortress
07:06 Fortress
10:37 Orc Burrow
10:39 Orc Burrow
13:08 Watch Tower
13:09 Watch Tower
13:13 Watch Tower
13:14 Watch Tower
17:06 Orc Burrow
23:25 Great Hall
Chat log
(00:27 / All) YUNA-SIDE-BOOB: i miss subway jared
(00:44 / All) roy_munson: i eat blimpies instead
(01:32 / All) YUNA-SIDE-BOOB: sc2 vs wc3
(01:56 / All) roy_munson: i think wc3 is more popular man
(02:06 / All) YourMaster.: SC2 mostly sucks
(02:14 / All) roy_munson: smells like a whales vagina
(02:45 / All) butteater680: so does ur moms pussy LOL
(03:04 / All) YUNA-SIDE-BOOB: damn red he got u good
(03:08 / All) YourMaster.: yeah lol when Is aw this mums pussy
(03:11 / All) YourMaster.: was like whale vagina
(04:44 / All) YUNA-SIDE-BOOB: butt eater #1
(05:00 / All) butteater680: C;
(05:02 / Allies) DiabloMicroC0ck: they have exposa
(05:11 / Allies) YourMaster.: so do we
(05:16 / Allies) DiabloMicroC0ck: not me
(05:17 / Allies) roy_munson: i need spare timber
(05:17 / Allies) DiabloMicroC0ck: :(
(05:27 / Allies) roy_munson: ty
(05:42 / Allies) DiabloMicroC0ck: gold plz
(07:31 / Allies) YUNA-SIDE-BOOB: lets hit expos nigga purp
(08:23 / Allies) DiabloMicroC0ck: sec
(08:37 / Allies) roy_munson: lumber?
(09:42 / Allies) YUNA-SIDE-BOOB: dont bother hitting pink he just towers all game
(09:44 / Allies) YUNA-SIDE-BOOB: lets hit green
(12:45 / Allies) roy_munson: lumber pleae
(12:52 / Allies) DiabloMicroC0ck: already gave u now i need
(14:40 / Allies) YUNA-SIDE-BOOB: meet red teal expo
(14:53 / Allies) YUNA-SIDE-BOOB: stay
(14:55 / Allies) DiabloMicroC0ck: help me
(15:26 / Allies) roy_munson: bats ciming blue
(15:54 / Allies) DiabloMicroC0ck: HELP ME
(16:00 / Allies) YUNA-SIDE-BOOB: how lol
(16:03 / Allies) YUNA-SIDE-BOOB: i dont have siege
(16:04 / Allies) DiabloMicroC0ck: TP
(16:20 / Allies) DiabloMicroC0ck: gold plz
(16:30 / Allies) YourMaster.: just expand somewhere else purp and move your base
(19:17 / Allies) YUNA-SIDE-BOOB: come rod
(19:18 / Allies) YUNA-SIDE-BOOB: lets take blue
(19:29 / Allies) YourMaster.: letr's defend this?
(19:35 / Allies) YUNA-SIDE-BOOB: im waiting for u
(19:37 / Allies) YourMaster.: go
(20:10 / Allies) YourMaster.: let's go hit teal
(20:12 / Allies) YourMaster.: and pay him back
(20:40 / Allies) YUNA-SIDE-BOOB: or oj army
(20:42 / Allies) YUNA-SIDE-BOOB: w/e first
(21:27 / All) YourMaster.: nice maphack lol
(21:58 / Allies) YUNA-SIDE-BOOB: son what areu doing
(21:58 / Allies) DiabloMicroC0ck: i got no tp
(22:03 / Allies) YourMaster.: me neither
(22:20 / Allies) YUNA-SIDE-BOOB: meet me
(22:47 / All) roy_munson: takin out da trash
(22:48 / All) roy_munson: 2v1
(23:12 / All) YourMaster.: raped
(24:45 / All) roy_munson: ez
(25:01 / All) YourMaster.: you are ez
(25:02 / All) YourMaster.: red
(25:04 / Allies) roy_munson: yellow tking
(25:06 / Allies) roy_munson: omg
(25:12 / Allies) roy_munson: ty man
(25:12 / Allies) roy_munson: i am
(25:18 / Allies) YourMaster.: ez babe
(25:19 / Allies) YourMaster.: you're ez
(25:21 / Allies) YourMaster.: ez son
(25:24 / Allies) roy_munson: how did u know
(25:54 / Allies) YourMaster.: raped
(26:20 / All) YourMaster.: only purple left
(26:24 / All) YUNA-SIDE-BOOB: that wasnt as hard as i thought
(26:40 / All) YUNA-SIDE-BOOB: purple just admit it
(26:42 / All) YUNA-SIDE-BOOB: u maphack
(26:44 / All) YUNA-SIDE-BOOB: u little cunt
(26:57 / All) YourMaster.: Purple is a hacker
(27:04 / All) YourMaster.: purple is dead and lost the game
(27:05 / All) YourMaster.: hacker down
(27:06 / Allies) DiabloMicroC0ck: stop
(27:08 / Allies) YourMaster.: you lose
(27:09 / Allies) YourMaster.: you die
(27:10 / Allies) YourMaster.: you lose
(27:12 / Allies) YourMaster.: me and yellow tk you
(27:14 / Allies) YourMaster.: you lose
(27:15 / Allies) DiabloMicroC0ck: whats ur problem loser
(27:18 / Allies) YourMaster.: you
(27:20 / Allies) YourMaster.: you're a maphacker
(27:22 / Allies) DiabloMicroC0ck: explain
(27:26 / Allies) DiabloMicroC0ck: how
(27:29 / Allies) DiabloMicroC0ck: how am i a hacker
(27:31 / Allies) YourMaster.: how did you know they had expos
(27:34 / All) butteater680: dam purple
(27:35 / Allies) YourMaster.: when it wasn't yet revealed on the map
(27:35 / Allies) DiabloMicroC0ck: LOLLL
(27:37 / Allies) DiabloMicroC0ck: FAGGOTS
(27:37 / All) butteater680: pathetic lol
(27:39 / All) DiabloMicroC0ck: fags
(27:43 / All) DiabloMicroC0ck: small cocks
(27:44 / All) YourMaster.: maphacker
(27:45 / All) DiabloMicroC0ck: tiny dicks
(27:45 / All) YourMaster.: hacker down
(27:48 / All) YourMaster.: you got fucked
(27:49 / All) YUNA-SIDE-BOOB: i told him to scout expos when we never scouted them; he knew there wernet expos there
(27:51 / All) butteater680: nigger down
(27:52 / All) DiabloMicroC0ck: im gonna afk
(27:57 / All) YourMaster.: you're gonna lose
(27:57 / All) DiabloMicroC0ck: have fun destroying everything no lifers
(27:59 / All) YourMaster.: thanks
(28:00 / All) DiabloMicroC0ck: dude
(28:01 / All) YourMaster.: won't take long
(28:03 / All) DiabloMicroC0ck: does this account look like my main
(28:05 / All) DiabloMicroC0ck: idiot XD
(28:07 / All) YourMaster.: lmao
(28:08 / All) DiabloMicroC0ck: have fun taking a loss nerd
(28:11 / All) YourMaster.: what's your main in this 13 year old game
(28:13 / Allies) YourMaster.: we're both 0-0
(28:14 / All) DiabloMicroC0ck: lick the tip of my penis bro
(28:17 / All) YourMaster.: we're both 0-0 retard
(28:18 / All) YourMaster.: lol
(28:20 / All) DiabloMicroC0ck: okay?
(28:22 / All) YourMaster.: we don't care about the loss you clearly do
(28:24 / All) DiabloMicroC0ck: i didnt say anything about ur account
(28:25 / All) DiabloMicroC0ck: faggot
(28:27 / All) YUNA-SIDE-BOOB: so obvious purple is pissed
(28:28 / All) DiabloMicroC0ck: k bye
(28:29 / All) YourMaster.: yes you did
(28:33 / All) YourMaster.: lol raped
(28:40 / All) YourMaster.: whose team loses?
(28:41 / All) YUNA-SIDE-BOOB: i wanwt purp to lose, last game for me
(28:43 / All) YourMaster.: chode's is 3 legit
(28:46 / All) YourMaster.: but we have hacker
(28:48 / All) YourMaster.: k purp lose?
(28:50 / All) YUNA-SIDE-BOOB: purp loses
(28:55 / All) YUNA-SIDE-BOOB: see u tomorrow niggas
(28:57 / All) YourMaster.: k